Map: Golden Wall LE

Players

liquidthermy (uThermal)

  • Race: Terran Terran
  • Spawn Location: 7:00

Neeblet (Neeb) - Winner!

  • Race: Protoss Protoss
  • Spawn Location: 5:00

Event: StayAtHomestory Cup #1

VOD

Have the link to the VOD?

Description

Time

  • Played on: April 10, 2020, 2:33 p.m.
  • Length: 9:32

All games in this series

Show
View Real Time Build Order
Export as new Build Order

liquidthermy Terran 

Build Orders: Reaper Expand 

Get SALT Encoding   

  12  0:01  SCV  
  13  0:13  SCV  
  14  0:17  Supply Depot  
  14  0:25  SCV  
  15  0:38  SCV  
  15  0:39  Barracks  
  16  0:44  Refinery  
  16  0:50  SCV  
  17  1:02  SCV  
  18  1:15  SCV  
  19  1:27  Orbital Command  
  19  1:32  Reaper  
  20  1:46  Command Center  
  20  1:52  SCV  
  21  1:59  Barracks  
  21  2:05  SCV, Barracks Reactor  
  22  2:11  Supply Depot  
  22  2:17  SCV  
  22  2:20  Refinery  
  23  2:32  SCV  
  23  2:35  Factory  
  24  2:41  Marine x2  
  26  2:45  SCV  
  26  2:47  Barracks Tech Lab  
  27  2:57  SCV  
  27  2:58  Orbital Command  
  28  3:00  Marine  
  28  3:02  Marine  
  30  3:06  Marine  
  30  3:10  Stimpack  
  31  3:15  SCV  
  31  3:17  Marine  
  31  3:19  Marine  
  33  3:25  SCV  
  35  3:29  Starport  
  35  3:31  SCV  
  35  3:33  Marine  
  36  3:36  Factory Reactor  
  36  3:38  Marine  
  36  3:40  Marine  
  38  3:45  Supply Depot  
  38  3:46  SCV  
  38  3:47  SCV  
  40  3:51  Marine  
  41  3:56  Marine  
  41  3:58  SCV, Marine  
  41  3:59  SCV  
  45  4:07  Supply Depot  
  45  4:09  Marine  
  46  4:10  SCV  
  46  4:14  Marine  
  46  4:16  Medivac x2  
  52  4:19  SCV  
  52  4:20  Marine  
  54  4:25  Engineering Bay  
  54  4:28  Marine  
  54  4:29  SCV  
  56  4:32  Marine  
  56  4:34  SCV  
  56  4:35  Factory Tech Lab  
  56  4:38  Marine, Supply Depot  
  58  4:42  SCV  
  62  4:59  Marine x2  
  67  5:00  Siege Tank  
  67  5:01  Barracks  
  67  5:03  SCV, Terran Infantry Weapons Level 1  
  67  5:07  Supply Depot  
  67  5:08  Marine, Engineering Bay  
  67  5:10  Starport Reactor  
  66  5:17  Marine x2  
  66  5:21  SCV  
  66  5:25  Marine  
  66  5:26  SCV  
  63  5:33  SCV  
  63  5:35  Marine x2  
  62  5:43  Marine  
  62  5:44  SCV  
  62  5:45  Siege Tank  
  62  5:47  Terran Infantry Armor Level 1  
  62  5:48  Marine  
  62  5:49  Marine  
  69  5:53  Marine  
  69  5:54  Marine  
  71  5:59  Combat Shield  
  71  6:02  Marine, Missile Turret  
  72  6:06  Marine  
  72  6:09  Marine  
  72  6:10  Marine, Supply Depot  
  75  6:12  Marine  
  76  6:20  Marine, SCV  
  76  6:23  Marine  
  76  6:27  Marine, SCV  
  76  6:31  Marine x2, Siege Tank  
  76  6:32  SCV  
  84  6:38  Marine  
  85  6:41  Marine, SCV  
  85  6:44  Marine  
  85  6:45  SCV  
  83  6:47  Medivac  
  83  6:49  Marine x2  
  83  6:53  SCV  
  77  6:55  Marine, Supply Depot  
  77  6:59  Marine, Medivac  
  81  7:02  Marine  
  81  7:03  Supply Depot  
  81  7:06  Marine x2  
  86  7:15  SCV  
  86  7:17  Marine  
  86  7:18  SCV  
  89  7:24  Marine  
  89  7:27  SCV  
  90  7:30  Marine, SCV  
  90  7:33  Marine, Siege Tank  
  90  7:36  Marine  
  95  7:40  Marine  
  96  7:44  Marine  
  93  7:58  Marine  
  84  8:04  Marine  
  84  8:05  Marine x2, Siege Tank  
  89  8:11  Bunker  
  89  8:12  Marine  
  91  8:14  Bunker  
  91  8:16  Marine  
  93  8:22  Marine  
  93  8:26  Marine x2  
  95  8:30  Marine  
  95  8:34  Marine  
  94  8:40  Marine  
  87  8:44  Marine x2  
  87  8:48  Marine  
  88  8:52  Marine  
  90  8:57  Marine  
  90  9:00  Medivac  
  90  9:02  Marine x2  
  94  9:06  Marine  
  94  9:09  Marine  
Show
View Real Time Build Order
Export as new Build Order

Neeblet Protoss - Winner!

Build Orders: 1 Gate Expand, Oracle Opening, Phoenix Opening 

Get SALT Encoding   

  12  0:00  Probe  
  13  0:12  Probe  
  14  0:17  Pylon  
  14  0:25  Probe (Chrono Boost)  
  15  0:37  Probe (Chrono Boost)  
  15  0:38  Gateway  
  16  0:43  Probe (Chrono Boost)  
  16  0:46  Assimilator  
  17  0:51  Probe  
  18  1:03  Probe  
  19  1:15  Probe  
  20  1:24  Nexus  
  20  1:33  Cybernetics Core  
  20  1:36  Probe  
  21  1:41  Assimilator  
  21  1:48  Probe  
  21  1:51  Pylon  
  22  2:00  Probe (Chrono Boost)  
  23  2:06  Stalker (Chrono Boost)  
  23  2:11  Probe (Chrono Boost)  
  26  2:16  Probe (Chrono Boost)  
  27  2:25  Stargate  
  27  2:28  Probe (Chrono Boost)  
  28  2:35  Warp Gate  
  28  2:36  Probe (Chrono Boost)  
  29  2:40  Adept  
  32  2:45  Probe x2 (Chrono Boost)  
  32  2:50  Probe (Chrono Boost)  
  33  2:51  Probe  
  35  3:01  Pylon  
  35  3:02  Probe  
  35  3:03  Probe  
  37  3:06  Oracle (Chrono Boost)  
  40  3:14  Probe, Adept  
  40  3:16  Probe  
  44  3:26  Probe  
  45  3:28  Probe  
  46  3:35  Phoenix (Chrono Boost)  
  46  3:36  Gateway  
  46  3:37  Pylon  
  46  3:38  Probe  
  46  3:40  Probe  
  50  3:43  Gateway  
  50  3:51  Probe  
  50  3:52  Probe, Assimilator  
  50  3:55  Phoenix (Chrono Boost)  
  52  3:56  Assimilator  
  54  4:03  Probe  
  54  4:05  Probe  
  56  4:16  Probe  
  57  4:17  Phoenix (Chrono Boost)  
  57  4:22  Probe, Pylon  
  57  4:23  Robotics Facility  
  60  4:30  Probe  
  61  4:35  Pylon  
  61  4:40  Phoenix  
  61  4:42  Adept x3  
  61  4:45  Probe  
  70  4:47  Pylon  
  70  4:53  Probe  
  70  4:57  Probe  
  72  5:04  Nexus  
  44  5:07  Phoenix  
  74  5:16  Adept x3  
  80  5:23  Probe  
  80  5:39  Pylon  
  80  5:40  Pylon  
  80  5:42  Robotics Bay  
  80  5:50  Pylon  
  80  5:51  Pylon  
  80  5:52  Nexus  
  80  5:55  Pylon  
  80  5:57  Probe  
  80  5:58  Immortal (Chrono Boost)  
  85  6:08  Sentry x2, Stalker  
  85  6:09  Probe x2  
  93  6:23  Extended Thermal Lance  
  93  6:24  Probe  
  88  6:27  Probe  
  88  6:32  Stalker x3  
  95  6:34  Colossus (Chrono Boost)  
  95  6:36  Probe  
  102  6:41  Probe  
  97  6:48  Probe  
  97  6:53  Probe  
  97  6:58  Twilight Council  
  98  7:02  Zealot x3  
  105  7:13  Gateway  
  105  7:14  Gateway  
  103  7:15  Colossus (Chrono Boost)  
  103  7:17  Gateway  
  103  7:19  Gateway  
  109  7:23  Gateway  
  109  7:26  Zealot  
  109  7:27  Zealot x2  
  115  7:35  Pylon  
  115  7:36  Pylon  
  115  7:56  Colossus (Chrono Boost)  
  115  7:57  Zealot x3  
  113  8:03  Shield Battery  
  113  8:05  Pylon  
  113  8:11  Gateway  
  113  8:14  Gateway  
  113  8:15  Zealot x4  
  113  8:16  Templar Archives  
  113  8:18  Zealot x2  
  125  8:40  Zealot x2, Stalker  
  125  8:41  Zealot  
  118  9:00  Zealot x5  
  124  9:04  Probe x2  
  124  9:06  Forge  
  124  9:07  Forge  
  104  9:17  Zealot  
  94  9:21  Zealot x3  
  94  9:22  Zealot x2  
  92  9:30  Assimilator  
  90  9:31  Assimilator  
Tags
 
Add a new tag
Caveats
  • Supply blocks, unpowered buildings, or Contaminate may cause inaccurate times.
  • Supply counts are checked every 10 seconds.